 Dungeon Sprint DCSS version 0.21-a0-67-g3f13d09 (webtiles) character file.

8200000 w00t the Ninja (level 27, -124/199 HPs)
             Began as a Gargoyle Monk on June 17, 2017.
             Was the Champion of Makhleb.
             Annihilated by a destroyer
             ... wielding a +9 great sword of slicing
              (150 damage)
             ... in the Dungeon (Sprint VIII: "Arena of Blood").
             The game lasted 00:02:02 (82 turns).

w00t the Ninja (Gargoyle Monk)                        Turns: 82, Time: 00:02:02

Health: -124/199   AC: 25    Str: 17    XL:     27
Magic:  18/54      EV: 35    Int: 13    God:    Makhleb [******]
Gold:   0          SH:  0    Dex: 21    Spells: 80/80 levels left

rFire    . . .     SeeInvis .   j - +∞ Axe of Woe
rCold    . . .     Gourm    .   (shield currently unavailable)
rNeg     + . .     Faith    .   b - +0 robe
rPois    ∞         Spirit   .   (no helmet)
rElec    +         Reflect  .   (no cloak)
rCorr    .         Harm     .   (no gloves)
MR       ++...     NoTele   +   (no boots)
Stlth    +++++++++.             (no amulet)
HPRegen  0.43/turn              (no ring)
MPRegen  0.34/turn              (no ring)

@: flying
A: big wings, negative energy resistance 1, electricity resistance, unbreathing,
petrification resistance, rot immunity, AC +20
a: Stop Flying, Minor Destruction, Lesser Servant of Makhleb, Major Destruction,
Greater Servant of Makhleb, Renounce Religion


You were in the Dungeon.
You worshipped Makhleb.
Makhleb was exalted by your worship.
You were not hungry.

You visited 1 branch

Inventory:

Hand Weapons
 a - a +0 hand axe
 j - the +∞ Axe of Woe (weapon)
   (You found it in the Dungeon)
Armour
 b - a +0 robe (worn)
Scrolls
 i - a scroll of blinking {!r}
Potions
 d - a potion of curing {@q1}
 e - a potion of heal wounds {@q2}
 f - a potion of haste
 g - 2 potions of magic
 h - a potion of berserk rage {!q}
Comestibles
 c - a bread ration


   Skills:
 O Level 27 Fighting
 O Level 27 Axes
 O Level 27 Throwing
 O Level 27 Armour
 O Level 27 Dodging
 O Level 27 Stealth
 O Level 27 Unarmed Combat
 O Level 27 Spellcasting
 O Level 27 Invocations


You had 80 spell levels left.
You didn't know any spells.

Dungeon Overview and Level Annotations

Branches:
Dungeon (1/1)

Altars:
Makhleb

Annotations:
D The Servant


Innate Abilities, Weirdness & Mutations

You are resistant to torment.
Your stone body is resilient. (AC +20)
You are immune to poison.
Your large and strong wings let you fly indefinitely.
You resist negative energy. (rN+)
You are resistant to electric shocks. (rElec)
You can survive without breathing.
You are immune to petrification.
You are immune to rotting.


Message History

The meat beast tramples you but does no damage.
You hear a shout! x4
The meat beast gurgles, "Get thee hence, thou infectious tip-merry crab-lanthorn!"
The tentacled monstrosity is engulfed in blazing flames.
The tentacled monstrosity completely misses you.
The tentacled monstrosity closely misses you. x2
The tentacled monstrosity completely misses you.
The tyrant mumbles some strange words.
The accursed points at you and mumbles some strange words.
Something smites you!
* * * LOW HITPOINT WARNING * * *
The destroyer blinks!
You hear a shout!
The bag of meat moves out of view.
The meat beast is engulfed in blazing flames.
The meat beast completely misses you.
The meat beast tramples you but does no damage.
The destroyer hits you with a +9 great sword of slicing!!!!!
Ouch! That really hurt!
You die...

... ................
........%..........
..... #.%)%)).# ..#..§
#.%)))).# ...
.....o###o.).§))###..Lo
.....o@.§V§###))....V..
...#..oo§§o._))).%.....
.#....V§§#.)).)#.......
.....o§@)#_)<)_#.......
.#...oO2X#...O.#......#
...#LMoVXX.._....O.....
....o...2.X###%........
.ooO.D###D..X...###.OO.


.ooo.X #LXXLX..# ..o... #X.M....# ...... .oX...X.. You could see 2 accurseds, 4
tentacled monstrosities, 2 meat beasts, 3 tyrants, The Servant, 2 eight-headed
meat hydras, 3 destroyers, 8 large abominations, 2 meat berserkers and 17 bags
of meat.

Vanquished Creatures
  3 hell beasts (D)
  2 greater mummies (D)
  A wraith (D)
  14 vampire knights (D)
  28 ogres (D)
  6 two-headed ogres (D)
  3 liches (D)
  43 orcs (D)
  A phantom (D)
  2 skeletal warriors (D)
  3 small abominations (D)
  2 large abominations (D)
  2 crawling corpses (D)
110 creatures vanquished.

Vanquished Creatures (others)
  An ogre (D)
  An orc (D)
  4 crawling corpses (D)
6 creatures vanquished.

Grand Total: 116 creatures vanquished

Notes
Turn   | Place    | Note
-------+----------+-------------------------------------------
     0 | D        | w00t the Gargoyle Monk began the quest for the Orb.
     0 | D        | Reached XP level 1. HP: 14/14 MP: 1/1
     3 | D        | Noticed a bag of meat
     4 | D        | Became a worshipper of Makhleb the Destroyer
     4 | D        | Reached * piety under Makhleb
     4 | D        | Reached ** piety under Makhleb
     5 | D        | Noticed a bag of meat
     5 | D        | Noticed a bag of meat
     5 | D        | Noticed a bag of meat
     5 | D        | Noticed a meat berserker
     6 | D        | Noticed a bag of meat
     8 | D        | Noticed a bag of meat
     8 | D        | Noticed a meat berserker
     8 | D        | Killed a bag of meat
     8 | D        | Reached skill level 10 in Unarmed Combat
     8 | D        | Reached skill level 10 in Invocations
     8 | D        | Reached XP level 2. HP: 29/29 MP: 1/12
     8 | D        | Reached XP level 3. HP: 34/34 MP: 1/13
     8 | D        | Reached XP level 4. HP: 40/40 MP: 1/15
     8 | D        | Reached XP level 5. HP: 44/44 MP: 1/16
     8 | D        | Reached XP level 6. HP: 49/49 MP: 1/18
     8 | D        | Reached XP level 7. HP: 54/54 MP: 1/19
     8 | D        | Reached XP level 8. HP: 60/60 MP: 1/21
     8 | D        | Reached XP level 9. HP: 64/64 MP: 1/22
     8 | D        | Reached XP level 10. HP: 70/70 MP: 1/23
     8 | D        | Reached XP level 11. HP: 74/74 MP: 1/24
     8 | D        | Reached XP level 12. HP: 80/80 MP: 1/25
     8 | D        | Killed a meat berserker
     8 | D        | Reached skill level 15 in Stealth
     8 | D        | Reached XP level 13. HP: 90/90 MP: 1/28
     8 | D        | Gained mutation: Your large and strong wings let you fly indefinitely. [Gargoyle growth]
     8 | D        | Reached XP level 14. HP: 96/96 MP: 1/29
     9 | D        | Killed a bag of meat
     9 | D        | Reached skill level 15 in Fighting
     9 | D        | Killed a bag of meat
     9 | D        | Reached *** piety under Makhleb
     9 | D        | Reached skill level 15 in Armour
     9 | D        | Reached skill level 15 in Invocations
     9 | D        | Reached XP level 15. HP: 99/104 MP: 1/32
    10 | D        | Noticed a meat berserker
    10 | D        | Killed a meat berserker
    10 | D        | Reached skill level 15 in Unarmed Combat
    10 | D        | Reached XP level 16. HP: 44/112 MP: 1/34
    10 | D        | Reached skill level 15 in Axes
    10 | D        | Reached skill level 15 in Throwing
    10 | D        | Reached skill level 15 in Spellcasting
    11 | D        | Reached **** piety under Makhleb
    12 | D        | Noticed a meat berserker
    14 | D        | Killed a meat berserker
    14 | D        | Reached skill level 15 in Dodging
    14 | D        | Reached XP level 17. HP: 122/122 MP: 2/37
    15 | D        | Killed a meat berserker
    15 | D        | Reached XP level 18. HP: 131/131 MP: 3/39
    16 | D        | Noticed a meat berserker
    17 | D        | Noticed a meat berserker
    18 | D        | Reached ***** piety under Makhleb
    19 | D        | Noticed a meat berserker
    19 | D        | Noticed a destroyer
    19 | D        | Killed a meat berserker
    19 | D        | Reached XP level 19. HP: 140/140 MP: 4/42
    20 | D        | Noticed a meat berserker
    20 | D        | Killed a meat berserker
    22 | D        | Noticed a meat berserker
    23 | D        | Killed a meat berserker
    23 | D        | Reached XP level 20. HP: 150/150 MP: 5/44
    24 | D        | Noticed a meat berserker
    24 | D        | Killed a meat berserker
    25 | D        | Noticed a large bag of meat
    25 | D        | Noticed a meat berserker
    25 | D        | Noticed a destroyer
    26 | D        | Noticed a destroyer
    26 | D        | Killed a meat berserker
    26 | D        | Reached skill level 27 in Stealth
    26 | D        | Reached XP level 21. HP: 160/160 MP: 6/47
    26 | D        | Killed a destroyer
    26 | D        | Reached skill level 27 in Fighting
    26 | D        | Reached skill level 27 in Armour
    26 | D        | Reached skill level 27 in Invocations
    27 | D        | Reached ****** piety under Makhleb
    27 | D        | Reached XP level 22. HP: 169/169 MP: 6/50
    28 | D        | Noticed a large bag of meat
    28 | D        | Killed a destroyer
    28 | D        | Reached skill level 27 in Unarmed Combat
    29 | D        | Noticed a large bag of meat
    29 | D        | Reached skill level 27 in Axes
    29 | D        | Reached skill level 27 in Throwing
    29 | D        | Reached skill level 27 in Spellcasting
    29 | D        | Reached XP level 23. HP: 175/175 MP: 7/54
    29 | D        | Reached skill level 27 in Dodging
    31 | D        | Noticed a large bag of meat
    31 | D        | Reached XP level 24. HP: 181/181 MP: 7/54
    32 | D        | Noticed a destroyer
    32 | D        | Killed a large bag of meat
    34 | D        | Killed a destroyer
    34 | D        | Reached XP level 25. HP: 187/187 MP: 8/54
    35 | D        | Killed a large bag of meat
    37 | D        | Noticed a destroyer
    37 | D        | Killed a large bag of meat
    38 | D        | Noticed a destroyer
    39 | D        | Killed a large bag of meat
    41 | D        | Killed a destroyer
    43 | D        | Noticed a large bag of meat
    43 | D        | Reached XP level 26. HP: 193/193 MP: 10/54
    44 | D        | Noticed an accursed
    44 | D        | Noticed a destroyer
    44 | D        | Killed a destroyer
    45 | D        | Noticed a destroyer
    46 | D        | Noticed a tyrant
    46 | D        | Noticed a large bag of meat
    46 | D        | Noticed a destroyer
    46 | D        | Noticed a destroyer
    47 | D        | Noticed an accursed
    47 | D        | Noticed a tyrant
    48 | D        | Killed a destroyer
    48 | D        | Reached XP level 27. HP: 199/199 MP: 12/54
    48 | D        | Killed a destroyer
    48 | D        | Killed a destroyer
    48 | D        | Killed an accursed
    50 | D        | Noticed a destroyer
    50 | D        | Noticed a large bag of meat
    51 | D        | Killed an accursed
    51 | D        | Killed a tyrant
    61 | D        | Noticed a meat beast
    62 | D        | Noticed a tyrant
    62 | D        | Noticed a destroyer
    62 | D        | Noticed a tyrant
    63 | D        | Noticed a dread
    63 | D        | Noticed a destroyer
    63 | D        | Killed a meat beast
    64 | D        | Noticed a destroyer
    65 | D        | Noticed a destroyer
    65 | D        | Noticed The Servant
    66 | D        | Noticed a tyrant
    66 | D        | Noticed a large bag of meat
    67 | D        | Killed a large bag of meat
    68 | D        | Killed a destroyer
    68 | D        | Killed a destroyer
    69 | D        | Killed a destroyer
    69 | D        | Killed a tyrant
    70 | D        | Noticed a destroyer
    70 | D        | Killed a tyrant
    71 | D        | Noticed a destroyer
    73 | D        | Noticed an accursed
    73 | D        | Noticed a meat beast
    73 | D        | Noticed a destroyer
    73 | D        | Noticed a destroyer
    73 | D        | Noticed a meat beast
    74 | D        | Noticed a tyrant
    74 | D        | Noticed a meat beast
    74 | D        | Killed a dread
    74 | D        | Killed a destroyer
    75 | D        | Killed a meat beast
    76 | D        | Killed a meat beast
    78 | D        | Noticed a meat beast
    79 | D        | Killed a destroyer
    80 | D        | Noticed a tyrant
    80 | D        | Killed a large bag of meat
    80 | D        | Killed a destroyer
    81 | D        | Noticed an accursed
    82 | D        | Annihilated by a destroyer

Vault maps used:
D:        meatsprint

Skill      XL: |  1  2  3  4  5  6  7  8  9 10 11 12 13 14 15 16 17 18 19 20 21 22 23 |
---------------+----------------------------------------------------------------------+-----
Fighting       | 11 14 15 17 19 20 22 24 25 27 | 27.0
Axes           | 9 12 13 14 16 17 19 21 22 24 27 | 27.0
Throwing       | 9 11 13 14 16 17 19 20 22 24 27 | 27.0
Armour         | 11 13 15 16 19 20 22 24 25 27 | 27.0
Dodging        | 9 11 12 13 15 16 18 19 21 22 25 27 | 27.0
Stealth        | 12 15 16 18 20 21 23 25 27 | 27.0
Unarmed Combat | 10 12 14 15 17 18 20 22 24 25 27 | 27.0
Spellcasting   | 9 11 13 14 16 17 19 20 22 24 27 | 27.0
Invocations    | 10 13 15 16 19 20 22 23 25 27 | 27.0

Action                   |  1- 3 |  4- 6 |  7- 9 | 10-12 | 13-15 | 16-18 | 19-21 | 22-24 | 25-27 || total
-------------------------+-------+-------+-------+-------+-------+-------+-------+-------+-------++-------
Melee: Executioner's axe |     1 |       |       |       |     2 |     5 |     6 |     6 |    35 ||    55
Invok: Greater Servant o |       |       |       |       |       |       |     1 |       |       ||     1
 Abil: Fly               |       |       |       |       |       |       |       |       |     1 ||     1
 Stab: Distracted        |       |       |       |       |       |       |       |     1 |       ||     1
Armor: Robe              |       |       |       |       |       |       |       |     1 |     5 ||     6
Dodge: Dodged            |       |       |       |       |     1 |     1 |       |       |     8 ||    10
